 Dungeon Crawl Stone Soup version 0.31-a0-4-gefa6de2278 (webtiles) character file.

Game seed: 15973441427808132848

373 Anon1729 the Ducker (level 6, -1/51 HPs)
             Began as a Merfolk Monk on May 4, 2023.
             Killed from afar by a dart slug (2 damage)
             ... with a slug dart
             ... on level 4 of the Dungeon.
             The game lasted 00:02:18 (3378 turns).

Anon1729 the Ducker (Merfolk Monk)                  Turns: 3378, Time: 00:02:18

Health: -1/51      AC:  3    Str: 11    XL:     6   Next: 72%
Magic:  6/6        EV: 15    Int: 10    God:
Gold:   166        SH:  0    Dex: 18    Spells: 5/5 levels left

rFire   . . .        q - +2 dagger (speed)
rCold   . . .        d - orb {light}
rNeg    . . .        b - +0 robe
rPois   .            (no helmet)
rElec   .            (no cloak)
rCorr   .            t - +0 pair of gloves
SInv    .            (no boots)
Will    .....        (no amulet)
Stlth   +            (no ring)
HPRegen 0.28/turn    (no ring)
MPRegen 0.10/turn

%: no passive effects
@: glowing
A: (nimble swimmer 2), mertail
a: no special abilities


You were on level 4 of the Dungeon.
You visited 1 branch of the dungeon, and saw 4 of its levels.

You collected 166 gold pieces.

Inventory:

Hand Weapons
 a - a +0 falchion
 q - a +2 dagger of speed (weapon)
Armour
 b - a +0 robe (worn)
 d - an orb of light (worn)
 t - a +0 pair of gloves (worn)
Jewellery
 m - an amulet of magic regeneration
Wands
 l - a wand of digging (8)
Scrolls
 e - a scroll of vulnerability {unknown}
 g - a scroll of silence {unknown}
 h - 2 scrolls of identify {unknown}
 i - a scroll of magic mapping {unknown}
 o - a scroll of noise {unknown}
 p - a scroll of torment {unknown}
 r - a scroll of teleportation
 s - a scroll of enchant weapon {unknown}
 u - 3 scrolls of fog {unknown}
 x - a scroll of blinking {unknown}
Potions
 c - a potion of ambrosia
 f - 3 potions of lignification {unknown}
 j - a potion of brilliance {unknown}
 k - a potion of flight {unknown}
 n - a potion of degeneration {unknown}
 v - a potion of haste {unknown}
 w - 2 potions of curing {unknown}
 z - a potion of berserk rage {unknown}


   Skills:
 + Level 5.3 Fighting
 + Level 5.8 Long Blades
 + Level 6.4 Dodging


You had 5 spell levels left.
You didn't know any spells.
Your spell library contained the following spells:

 Spells                   Type           Power      Damage    Failure   Level
 Ensorcelled Hibernation  Hex/Ice        0%         N/A       50%         2
 Passwall                 Tmut/Erth      0%         N/A       50%         2
 Swiftness                Air            0%         N/A       75%         3


Dungeon Overview and Level Annotations

Branches:
Dungeon (4/15)
 Temple: D:4-7

Altars:


Innate Abilities, Weirdness & Mutations

((You are very nimble when in or above water. (Stealth+, EV+, Speed+++)))
Your lower body shifts to a powerful aquatic tail in water.


Message History

The slug dart misses you. The black bear bites you! The black bear claws you.
* * * LOW HITPOINT WARNING * * *
The black bear barely misses you.
You are too injured to fight recklessly!
You are too injured to fight recklessly!
You are too injured to fight recklessly!
You are too injured to fight recklessly!
You are too injured to fight recklessly!
You are too injured to fight recklessly!
You are too injured to fight recklessly!
You are too injured to fight recklessly!
You are too injured to fight recklessly!
You are too injured to fight recklessly!
You are too injured to fight recklessly!
You are too injured to fight recklessly!
You are too injured to fight recklessly!
You are too injured to fight recklessly!
You are too injured to fight recklessly!
You hit the black bear.
The black bear is almost dead.
You hit the black bear.
The black bear is almost dead.
The black bear barely misses you. The black bear claws you.
* * * LOW HITPOINT WARNING * * *
The black bear claws you.
* * * LOW HITPOINT WARNING * * *
The dart slug misses you.
You hit the black bear.
The black bear is almost dead.
The black bear bites you but does no damage.
The black bear claws you.
* * * LOW HITPOINT WARNING * * *
The black bear claws you but does no damage.
You hit the black bear.
You kill the black bear!
You hit the dart slug.
The dart slug is severely wounded.
The dart slug launches a dart at you. The slug dart hits you.
You die...

.##.#.# #...###.# )##.#.#
####.#.## .##.#.# ##.###
....#.# #.### ..###.#
#.##. .)# #.# #.##.
..###.##############
#.##.
.).............w...######
#.##. #.##.####
#...@.......# #....
#......# ##.####.####.#
####. ####.#.# #.. #.#
#.# #. #.#.#
.....##.####.# #. #.<.#
.............# #. ##..#
.....##......########.
#..# #...
##......[........ ....
##. #.......#########
##### # #.......#


You could see a dart slug.

Vanquished Creatures
  A black bear (D:4)
  An orc priest (D:4)
  Jessica (D:2)
  An iguana (D:4)
  2 orc wizards (D:3)
  7 adders
  2 dart slugs
  2 worms
  9 orcs
  7 ball pythons
  5 bats
  8 endoplasms
  8 giant cockroaches
  4 hobgoblins
  2 jackals (D:3)
  4 quokkas
  2 frilled lizards (D:3)
  3 goblins
  7 kobolds
  3 rats
79 creatures vanquished.

Vanquished Creatures (others)
  A quokka (D:4)
1 creature vanquished.

Grand Total: 80 creatures vanquished

Notes
Turn   | Place    | Note
-------+----------+-------------------------------------------
     0 | D:1      | Anon1729 the Merfolk Monk began the quest for the Orb.
     0 | D:1      | Reached XP level 1. HP: 18/18 MP: 1/1
   156 | D:1      | Reached XP level 2. HP: 24/24 MP: 2/2
   858 | D:2      | Reached XP level 3. HP: 30/30 MP: 3/3
  1140 | D:2      | Noticed Jessica
  1152 | D:2      | Killed Jessica
  1153 | D:2      | Reached skill level 5 in Dodging
  1153 | D:2      | Reached XP level 4. HP: 19/37 MP: 4/4
  1728 | D:2      | Found a faded altar of an unknown god.
  1921 | D:3      | Reached XP level 5. HP: 41/43 MP: 5/5
  2136 | D:3      | Reached skill level 5 in Long Blades
  2252 | D:3      | You fall into a shaft and drop 1 floor!
  2677 | D:3      | Reached XP level 6. HP: 50/50 MP: 6/6
  2861 | D:4      | Reached skill level 5 in Fighting
  2861 | D:4      | Reached skill level 6 in Dodging
  3360 | D:4      | Noticed a black bear
  3376 | D:4      | HP: 1/51 [black bear (3)]
  3377 | D:4      | Killed a black bear
  3378 | D:4      | Killed from afar by a dart slug

Illustrated notes

Levels and vault maps discovered:
D:1:      amcnicky_arrival_choice, layout_rooms, serial_co_window_serial,
          co_window_of_opportunity_a, co_window_paths_b, co_window_cross_1,
          co_window_of_opportunity_a, co_window_paths_a, co_window_paths_c,
          co_window_cross_4, co_window_corner_b, co_window_corner_b,
          co_window_unsneaky_path_c, co_window_4corner_b, glass_columns_b,
          glass_columns_b, grunt_decor_arrowhead
D:2:      layout_basic, shapermc_ecumenical_altar_mp_vishouse,
          minmay_tromino_i4, uniq_jessica
D:3:      layout_basic, minmay_vboxes
D:4:      layout_loops_ring, lemuel_temple_firewalk_b, uniq_edmund

Skill      XL: |  1  2  3  4  5  6 |
---------------+-------------------+-----
Long Blades    | 4 5 |  5.8
Fighting       | 4 5 |  5.3
Dodging        | 5 6 |  6.4

Action                     |  1- 3 |  4- 6 || total
---------------------------+-------+-------++-------
  Melee: Falchion          |    71 |    29 ||   100
         Dagger            |       |   224 ||   224
    Use: Scroll            |       |     1 ||     1
   Stab: Sleeping          |       |     1 ||     1
 Armour: Robe              |     9 |    28 ||    37
  Dodge: Dodged            |    55 |   135 ||   190

Table legend: (Time is in decaauts)
 A = Elapsed time spent in this place.
 B = Non-inter-level travel time spent in this place.
 C = Inter-level travel time spent in this place.
 D = Time resting spent in this place.
 E = Time spent auto-exploring this place.
 F = Levels seen in this place.
 G = Mean time per level.
                   A        B        C        D        E       F      G
               +--------+--------+--------+--------+--------+-----+--------+
         Total |   3289 |   3124 |    165 |     75 |   2547 |   4 |  822.2 |
       Dungeon |   3289 |   3124 |    165 |     75 |   2547 |   4 |  822.2 |
               +--------+--------+--------+--------+--------+-----+--------+

Top non-repeatable levels by time:
     D:2: 1075 daAuts
     D:1: 801 daAuts
     D:3: 771 daAuts
     D:4: 641 daAuts
